 Dungeon Crawl Stone Soup version 0.25-a0-425-g0e000e855e (webtiles) character file.

Game seed: 6548533002128202156, levelgen mode: deterministic

37 Nattfarinn the Sneak (level 3, -4/19 HPs)
             Began as a Vampire Enchanter on Jan 24, 2020.
             Slain by Terence
             ... wielding a +0 flail
              (6 damage)
             ... on level 2 of the Dungeon.
             The game lasted 00:04:42 (1651 turns).

Nattfarinn the Sneak (Vampire Enchanter)            Turns: 1651, Time: 00:04:43

Health: -4/19      AC:  2    Str:  8    XL:     3   Next: 23%
Magic:  1/6        EV: 13    Int: 17    God:
Gold:   73         SH:  0    Dex: 14    Spells: 3/6 levels left

rFire    . . .     SeeInvis +   a - +1 dagger
rCold    + + .     Gourm    .   (no shield)
rNeg     + + +     Faith    .   b - +0 robe
rPois    ∞         Spirit   .   g - +0 hat
rElec    .         Reflect  .   (no cloak)
rCorr    .         Harm     .   (no gloves)
MR       .....                  (no boots)
Stlth    +++++.....             (no amulet)
HPRegen  0.00/turn              (no ring)
MPRegen  0.10/turn              (no ring)

@: very slightly contaminated, bloodless
A: no food, fangs 3, see invisible, unbreathing
a: Bat Form, Revivify


You were on level 2 of the Dungeon.
You were bloodless.

You visited 1 branch of the dungeon, and saw 2 of its levels.

You collected 73 gold pieces.

Inventory:

Hand Weapons
 a - a +1 dagger (weapon)
Armour
 b - a +0 robe (worn)
 g - a +0 hat (worn)
Jewellery
 l - a +6 ring of strength
Scrolls
 e - 2 scrolls of teleportation {unknown}
 f - a scroll of remove curse {unknown}
 h - a scroll of magic mapping {unknown}
 j - 3 scrolls of random uselessness {unknown}
 n - a scroll of immolation {unknown}
 o - a scroll of enchant weapon {unknown}
Potions
 c - a potion of berserk rage {unknown}
 i - a potion of lignification {unknown}
 k - a potion of cancellation
 m - a potion of agility {unknown}


   Skills:
 - Level 1.1 Short Blades
 + Level 2.7 Dodging
 * Level 5.7 Stealth
 - Level 2.0 Spellcasting
 + Level 4.9 Hexes


You had 3 spell levels left.
You knew the following spells:

 Your Spells              Type           Power        Failure   Level  Hunger
a - Corona                Hex            ###....      2%          1    N/A
b - Ensorcelled Hibernat  Hex/Ice        ##....       11%         2    N/A

Your spell library contained the following spells:

 Spells                   Type           Power        Failure   Level  Hunger
 Confusing Touch          Hex            ###.....     8%          3    N/A
 Tukima's Dance           Hex            ###.....     8%          3    N/A
 Dazzling Flash           Conj/Hex       ##....       22%         3    N/A

Dungeon Overview and Level Annotations

Branches:
Dungeon (2/15)

Altars:

Annotations:
D:2 Terence


Innate Abilities, Weirdness & Mutations

You do not eat.
You do not regenerate when monsters are visible.
You are frail without blood (-20% HP).
You can heal yourself when you bite living creatures.
You are immune to poison.
You have razor-sharp teeth.
You have supernaturally acute eyesight. (SInv)
You can survive without breathing.


Message History

Casting: Corona (safe; 2% risk of failure)
Confirm with . or Enter, or press ? or * to list all spells.
Aiming: Ensorcelled Hibernation (safe; 11% risk of failure)
Press: ? - help, Shift-Dir - straight line, f/p - Terence
Aim: Terence, wielding a +0 flail and wearing a +3 scale mail of magic resistance (almost dead, chance to defeat MR: 18%)
You miscast Ensorcelled Hibernation.
You are very lightly contaminated with residual magic.
Your hands glow momentarily.
Terence misses you.
Casting: Ensorcelled Hibernation (safe; 11% risk of failure)
Confirm with . or Enter, or press ? or * to list all spells.
Aiming: Corona (safe; 2% risk of failure)
Press: ? - help, Shift-Dir - straight line, f/p - Terence
Aim: Terence, wielding a +0 flail and wearing a +3 scale mail of magic resistance (almost dead, chance to defeat MR: 30%) Terence resists with some effort.
You closely miss Terence.
Terence is almost dead.
Terence hits you with a +0 flail!
* * * LOW HITPOINT WARNING * * *
Terence hits you with a +0 flail.
You die...

###. ... .. .#### #########
#...# ......... +.).+
........#############†..########
............l.@@....+...+......>
#.......#...........#...#####.#.
...<....#...........+...#####+#.
......l.#...).....#.#...........
........#.........#.#...).......
........#....##.#.#'#...........
..$..................###.......#
......#.......#.#....# ######+##
......#.......#.#....#


You could see Terence and a frilled lizard.

Vanquished Creatures
  A worm (D:1)
  2 dart slugs (D:2)
  A leopard gecko (D:2)
  2 hobgoblins (D:1)
  3 jackals (D:1)
  6 kobolds
  A bat (D:1)
  2 frilled lizards
  7 goblins
  5 rats (D:1)
30 creatures vanquished.

Notes
Turn   | Place    | Note
-------+----------+-------------------------------------------
     0 | D:1      | Nattfarinn the Vampire Enchanter began the quest for the
                  | Orb.
     0 | D:1      | Reached XP level 1. HP: 13/13 MP: 3/3
   214 | D:1      | Reached XP level 2. HP: 7/15 MP: 1/5
   386 | D:1      | Reached skill level 5 in Stealth
   801 | D:1      | Learned a level 2 spell: Ensorcelled Hibernation
  1128 | D:2      | Reached XP level 3. HP: 8/19 MP: 2/6
  1525 | D:2      | Noticed Terence
  1651 | D:2      | Slain by Terence

Levels and vault maps discovered:
D:1:      dpeg_arrival_brainrot, layout_basic
D:2:      minmay_chambers_of_twos, layout_basic, marbit_many_paths,
          old_standard_altar, uniq_terence

Skill      XL: |  1  2 |
---------------+-------+-----
Stealth        | 5 |  5.7
Short Blades   | |  1.1
Dodging        | |  2.7
Spellcasting   | |  2.0
Hexes          | |  4.9

Action                   || total
-------------------------++-------
Melee: Dagger            ||    89
       Bite              ||     7
 Cast: Corona            ||    13
       Ensorcelled Hiber ||    10
 Abil: Exsanguinate      ||     1
  Use: Potion            ||     2
 Stab: Sleeping          ||    14
Armor: Robe              ||     6
Dodge: Dodged            ||    63

Table legend:
 A = Non-vault XP
 B = Vault XP
 C = Vault XP percentage of total XP
 D = Non-vault monster count
 E = Vault monster count
 F = Vault count percentage of total count
                 A         B        C        D         E       F
            +---------+---------+-------+---------+---------+-------
      Total |      49 |       5 |   9.3 |      29 |       1 |   3.3
            +---------+---------+-------+---------+---------+-------
        D:1 |      32 |       5 |  13.5 |      22 |       1 |   4.3
        D:2 |      17 |       0 |   0.0 |       7 |       0 |   0.0
            +---------+---------+-------+---------+---------+-------
